Map: Cyber Forest LE

Players

TUMADREESMIA - Winner!

  • Race: Zerg Zerg
  • League: Platinum
  • Spawn Location: 11:00

Smeeeger

  • Race: Zerg Zerg
  • League: Platinum
  • Spawn Location: 5:00

VOD

Have the link to the VOD?

Description

Time

  • Played on: July 19, 2019, 12:37 p.m.
  • Length: 8:00
Show
View Real Time Build Order
Export as new Build Order

TUMADREESMIA Zerg - Winner!

Build Orders: Hatch First 

Get SALT Encoding   

  12  0:00  Drone  
  13  0:14  Overlord  
  13  0:17  Drone  
  14  0:32  Drone x2  
  16  0:54  Hatchery  
  16  0:56  Extractor  
  16  0:57  Drone  
  15  1:01  Drone  
  16  1:06  Drone  
  17  1:15  Drone  
  18  1:25  Spawning Pool  
  17  1:37  Drone x2  
  19  1:59  Drone x2  
  21  2:13  Zergling x2  
  21  2:14  Queen  
  24  2:16  Queen  
  24  2:18  Drone, Zergling x2  
  28  2:29  Overlord  
  28  2:46  Baneling Nest  
  28  2:47  Drone x3  
  28  2:48  Drone  
  31  3:04  Drone, Zergling x4  
  34  3:23  Spine Crawler  
  34  3:26  Zergling x2  
  34  3:27  Drone, Zergling x2  
  36  3:31  Overlord  
  36  3:32  Overlord  
  36  3:33  Baneling x4  
  36  3:34  Baneling  
  36  3:38  Extractor  
  36  3:39  Drone  
  36  3:40  Hatchery  
  35  3:49  Zergling x2  
  36  4:03  Zergling x2  
  36  4:04  Zergling x10  
  42  4:15  Metabolic Boost  
  42  4:16  Zergling x2  
  44  4:17  Zergling x4  
  44  4:21  Roach Warren  
  44  4:22  Drone x3  
  47  4:30  Lair  
  47  4:42  Drone, Overlord, Zergling x2  
  48  4:54  Zergling x2  
  48  4:55  Zergling x4  
  48  5:02  Zergling x4  
  47  5:10  Zergling x6  
  41  5:29  Baneling x2  
  41  5:31  Roach x5  
  50  5:52  Roach x5  
  50  5:53  Roach  
  61  6:06  Roach, Zergling x4  
  61  6:07  Zergling x2  
  61  6:09  Baneling  
  61  6:10  Baneling  
  62  6:19  Ravager  
  62  6:20  Ravager  
  62  6:21  Roach  
  62  6:23  Overlord x2  
  65  6:33  Glial Reconstitution  
  65  6:39  Baneling  
  65  6:40  Zergling x2  
  65  6:41  Zergling x14  
  62  7:04  Roach x2  
  56  7:14  Roach x3, Zergling x8  
  56  7:15  Roach x2, Zergling x2  
  69  7:23  Roach  
  69  7:27  Roach, Zergling x2  
  69  7:28  Roach  
Show
View Real Time Build Order
Export as new Build Order

Smeeeger Zerg 

Build Orders: Pool First 

Get SALT Encoding   

  12  0:01  Drone  
  13  0:13  Overlord  
  13  0:23  Drone  
  14  0:32  Drone x2  
  16  0:38  Drone  
  17  0:45  Spawning Pool  
  16  1:05  Drone  
  17  1:12  Hatchery  
  17  1:16  Drone  
  17  1:29  Drone x3  
  17  1:30  Extractor  
  19  1:36  Queen  
  21  1:43  Overlord  
  21  1:57  Overlord  
  21  2:07  Zergling x2  
  22  2:11  Queen  
  24  2:23  Drone x2  
  24  2:29  Drone  
  27  2:34  Metabolic Boost  
  27  2:38  Drone x2  
  29  2:46  Drone  
  29  2:47  Overlord  
  29  2:48  Drone x3  
  33  3:07  Drone  
  33  3:08  Drone  
  33  3:11  Queen  
  37  3:13  Drone  
  37  3:14  Drone  
  39  3:22  Drone  
  39  3:24  Zergling x2  
  39  3:25  Zergling x2  
  42  3:30  Drone  
  42  3:31  Drone x2  
  42  3:33  Extractor  
  44  3:34  Extractor  
  44  3:40  Drone x2  
  45  3:58  Baneling Nest  
  45  4:01  Evolution Chamber  
  43  4:03  Drone x2  
  43  4:04  Drone  
  43  4:05  Drone x2  
  43  4:06  Drone, Evolution Chamber  
  48  4:10  Overlord x2  
  48  4:35  Zergling x8  
  48  4:37  Zerg Melee Weapons Level 1  
  52  4:42  Zergling x2  
  52  4:43  Zergling x6  
  52  4:44  Queen  
  52  5:01  Zergling x2  
  52  5:02  Zergling x6  
  55  5:10  Zergling x4  
  55  5:13  Lair  
  49  5:22  Zergling x2  
  49  5:23  Zergling x2  
  50  5:29  Baneling x4  
  50  5:34  Overlord x2  
  50  5:48  Drone x2  
  52  5:54  Roach Warren  
  51  6:01  Baneling  
  51  6:02  Baneling, Zergling x4  
  51  6:03  Zergling x6  
  55  6:08  Baneling x2  
  54  6:11  Overlord x3  
  54  6:18  Centrifical Hooks  
  54  6:20  Zergling x2  
  54  6:21  Zergling x6  
  57  6:29  Extractor  
  56  6:33  Zergling x4  
  56  6:34  Roach  
  56  6:39  Baneling  
  60  6:40  Baneling x4  
  60  6:54  Zergling x8  
  52  7:02  Zergling x2  
  52  7:03  Zergling x8  
  54  7:09  Roach x3  
  54  7:14  Roach x2  
  59  7:22  Roach  
  57  7:24  Roach  
  55  7:30  Roach  
  55  7:31  Roach x2  
  55  7:36  Roach x2  
Tags
 
Add a new tag
Caveats
  • Supply blocks, unpowered buildings, or Contaminate may cause inaccurate times.
  • Supply counts are checked every 10 seconds.